 Dungeon Sprint DCSS version 0.20.1-1-g8b1a95d (webtiles) character file.

0 potatolord6000 the Caller (level 3, 0/19 HPs)
             Began as a Deep Elf Summoner on Sept 11, 2017.
             Slain by an adder (3 damage)
             ... in the Dungeon (Sprint VI: "Thunderdome").
             The game lasted 00:01:50 (96 turns).

potatolord6000 the Caller (Deep Elf Summoner)         Turns: 96, Time: 00:01:51

Health: 0/19       AC:  2    Str:  5    XL:     3   Next: 5%
Magic:  3/10       EV: 13    Int: 20    God:
Gold:   200        SH:  0    Dex: 15    Spells: 9/10 levels left

rFire    . . .     SeeInvis .   (no weapon)
rCold    . . .     Gourm    .   (no shield)
rNeg     . . .     Faith    .   a - +0 robe
rPois    .         Spirit   .   (no helmet)
rElec    .         Reflect  .   (no cloak)
rCorr    .         Harm     .   (no gloves)
MR       .....     NoTele   +   (no boots)
Stlth    ++........             (no amulet)
Regen    0.1/turn               (no ring)
MPRegen  0.2/turn               (no ring)

@: berserk cooldown, very slightly contaminated, slowed, very slow
A: no striking features
a: no special abilities


You were in the Dungeon.
You were not hungry.

You visited 1 branch You collected 200 gold pieces.

Inventory:

Armour
 a - a +0 robe (worn)
Wands
 j - a wand of acid (5/15)
 k - a wand of iceblast (5/15)
Scrolls
 i - 2 scrolls of blinking
 l - 3 scrolls of fog
Potions
 d - a potion of curing
 e - 2 potions of heal wounds
 f - 3 potions of haste
 g - 2 potions of magic
 m - a potion of resistance
Books
 b - a book of Callings

   Spells                             Type                      Level
   a - Summon Small Mammal            Summoning                    1
   b - Call Imp                       Summoning                    2
   c - Call Canine Familiar           Summoning                    3
   d - Summon Guardian Golem          Hexes/Summoning              3
   e - Summon Lightning Spire         Summoning/Air                4
   f - Summon Ice Beast               Ice/Summoning                4
Comestibles
 c - a bread ration


   Skills:
 + Level 3.2 Dodging
 + Level 2.9 Stealth
 + Level 0.4 Unarmed Combat
 + Level 4.1 Spellcasting
 + Level 7.1 Summonings


You had 9 spell levels left.
You knew the following spells:

 Your Spells              Type           Power        Failure   Level  Hunger
a - Summon Small Mammal   Summ           ####         1%          1    None


Dungeon Overview and Level Annotations

Branches:
Dungeon (1/1)

Altars:
Cheibriados
Dithmenos
Fedhas
Gozag
Kikubaaqudgha
Makhleb
Okawaru
Qazlal
Ru
Sif Muna
Trog
Uskayaw
Vehumet
Xom
Yredelemnul
Zin
The Shining One
Beogh
Jiyva
Lugonu

Shops:
D *[%??*?*:[((!!!!

Annotations:
D Jessica, Sigmund, Terence


Message History

You feel your anger subside.
You are no longer berserk.
You are exhausted.
You feel yourself slow down. Sigmund misses you.
Sigmund gestures wildly while chanting.
Sigmund flickers and vanishes!
Deactivating autopickup; reactivate with Ctrl-A.
The adder closely misses you.
Unknown command.
Unknown command.
Blink to where?
Press: ? - help, Dir - move target cursor
As you read the scroll of blinking, it crumbles to dust.
Unknown command.
Memorise Call Imp, consuming 2 spell levels and leaving 7? 50...
You start memorising the spell.
You continue memorising.
The adder misses you. Something hits you.
Your memorisation is interrupted.
* * * LOW HITPOINT WARNING * * *
The adder bites you.
You die...

##.....## ##∩.....∩##
#∩.......∩# #_......._#
#_........# #_......._#
###.........###
#⌠...........⌠#
######.8@.....)..8.######
##∩___..S@..###..§...__.∩#
###∩........8.# #.8.§......∩
##.............###...........
#⌠..........###...###........
#⌠..........# #.<.# #........
#⌠..........###...###........
##.............###...........
###∩........8.# #.8........∩


You could see an adder and Jessica.

Vanquished Creatures
  A hound (D)
1 creature vanquished.

Vanquished Creatures (collateral kills)
  A kobold (D)
1 creature vanquished.

Grand Total: 2 creatures vanquished

Notes
Turn   | Place    | Note
-------+----------+-------------------------------------------
     0 | D        | potatolord6000 the Deep Elf Summoner began the quest for the Orb.
     0 | D        | Reached XP level 1. HP: 10/10 MP: 6/6
     2 | D        | Found a snail-covered altar of Cheibriados.
     3 | D        | Found a stormy altar of Qazlal.
     4 | D        | Found a roughly hewn altar of Beogh.
     4 | D        | Found a basalt altar of Yredelemnul.
     5 | D        | Found Foepligh's Identification Station.
     5 | D        | Found a burning altar of Makhleb.
     5 | D        | Found a glowing silver altar of Zin.
     5 | D        | Found Luyffuiq's Bee Food.
     5 | D        | Round 1.
     6 | D        | Found Zeeji's Advanced Armour.
     6 | D        | Found Sules's Jewellery.
     6 | D        | Noticed Terence
     9 | D        | Found an opulent altar of Gozag.
    10 | D        | Found a deep blue altar of Sif Muna.
    12 | D        | Found a bloodstained altar of Trog.
    14 | D        | Found Dekyenu's Magic Scroll Shop.
    15 | D        | Found a shimmering altar of Xom.
    15 | D        | Found a hide-covered altar of Uskayaw.
    15 | D        | Found Bismanu's Staff Store.
    16 | D        | Found Unneyps's Magic Scroll Shop.
    16 | D        | Found Madys's Must-Have Magic.
    51 | D        | Noticed a hound
    52 | D        | Noticed Jessica
    52 | D        | Found a viscous altar of Jiyva.
    53 | D        | Found an iron altar of Okawaru.
    59 | D        | Found Acox's Distillery.
    60 | D        | Found a glowing golden altar of the Shining One.
    60 | D        | Found a shadowy altar of Dithmenos.
    60 | D        | Found a sacrificial altar of Ru.
    60 | D        | Found Fedeqau's Do-It-Yourself Clinic.
    61 | D        | Found Wuamay's Distillery.
    61 | D        | Found Pecreech's Bottled Wisdom.
    63 | D        | Found a blossoming altar of Fedhas.
    63 | D        | Found a corrupted altar of Lugonu.
    63 | D        | Found a radiant altar of Vehumet.
    66 | D        | Found Laywuw's Weapon Rack.
    67 | D        | Found an ancient bone altar of Kikubaaqudgha.
    67 | D        | Found Boll's Premium Goods.
    68 | D        | Found Vasote's Basic Armour.
    68 | D        | Found Malet's Miscellaneous Merchandise.
    81 | D        | Noticed Sigmund
    84 | D        | Killed a hound
    84 | D        | Reached skill level 7 in Summonings
    84 | D        | Reached XP level 2. HP: 8/15 MP: 2/9
    84 | D        | Reached XP level 3. HP: 11/19 MP: 2/10
    96 | D        | Slain by an adder

Skill      XL: |  1 |
---------------+----+-----
Dodging        | 3 |  3.2
Spellcasting   | 4 |  4.1
Summonings     | 7 |  7.1
Stealth        | |  2.9
Unarmed Combat | |  0.4

Action                   || total
-------------------------++-------
Melee: Unarmed           ||     9
 Cast: Summon Small Mamm ||     9
  Use: Potion            ||     4
       Scroll            ||     2
Armor: Robe              ||     1
Dodge: Dodged            ||    24
